 Dungeon Crawl Stone Soup version 0.30-a0-738-g116ff8c4af (webtiles) character file.

Game seed: 7577354917305574047

6020 Darkkill the Fighter (level 10, 0/93 HPs)
             Began as a Minotaur Hunter on Feb 3, 2023.
             Was an Initiate of Gozag.
             Slain by a quasit (1 damage)
             ... on level 3 of the Abyss.
             The game lasted 00:14:45 (10201 turns).

Darkkill the Fighter (Minotaur Hunter)             Turns: 10201, Time: 00:14:45

Health: 0/93       AC:  7    Str: 22    XL:     10   Next: 56%
Magic:  0/18       EV: 17    Int:  6    God:    Gozag
Gold:   460        SH:  0    Dex: 18    Spells: 9/9 levels left

rFire   . . .      SeeInvis .    a - +1 longbow
rCold   . . .      Faith    .    (shield currently unavailable)
rNeg    . . .      Spirit   +    c - +3 leather armour
rPois   .          Reflect  .    (helmet restricted)
rElec   .          Harm     .    (no cloak)
rCorr   .          Rampage  .    v - +0 pair of gloves
Will    .....                    (no boots)
Stlth   ++++                     D - amulet of guardian spirit
HPRegen 0.35/turn                E - ring of magical power
MPRegen 0.16/turn                B - +6 ring of strength

@: no status effects
A: horns 2, retaliatory headbutt
a: Renounce Religion, Potion Petition, Call Merchant, Bribe Branch


You were on level 3 of the Abyss.
You worshipped Gozag.
Gozag was aware of your devotion.
You visited 2 branches of the dungeon, and saw 10 of its levels.
You visited the Abyss 1 time.

You collected 792 gold pieces.
You spent 210 gold pieces at shops.
You paid 122 gold pieces to Gozag.

Inventory:

Hand Weapons
 a - a +1 longbow (weapon)
 b - the +3 long sword of Circularity {flame, Int+3}
   (You found it on level 7 of the Dungeon)

   Int:       It affects your intelligence (+3).
Missiles
 e - 87 stones
 h - 21 poisoned darts
 q - 4 datura-tipped darts
 x - 4 boomerangs
Armour
 c - a +3 leather armour (worn)
 s - the +5 kite shield "Zemon" {Dex+3}
   (You found it on level 9 of the Dungeon)

   Dex:       It affects your dexterity (+3).
 v - a +0 pair of gloves (worn)
Jewellery
 B - a +6 ring of strength (right hand)
 D - an amulet of guardian spirit (around neck)
 E - a ring of magical power (left hand)
Wands
 y - a wand of flame (19)
 C - a wand of polymorph (5)
Scrolls
 k - a scroll of magic mapping
 n - a scroll of enchant armour
 o - 4 scrolls of immolation
 r - 2 scrolls of fear
 A - a scroll of teleportation
 F - a scroll of poison {unknown}
Potions
 d - 4 potions of resistance
 f - 7 potions of attraction
 g - 2 potions of lignification {unknown}
 j - 3 potions of haste
 l - a potion of brilliance {unknown}
 m - a potion of flight
 p - 2 potions of magic
 t - 5 potions of curing {@q1}
 u - a potion of might {unknown}
 z - 3 potions of ambrosia {unknown}
Miscellaneous
 i - a box of beasts (inert)


   Skills:
 + Level 9.9 Fighting
 + Level 9.9 Ranged Weapons
 + Level 9.1 Dodging
 + Level 7.3 Stealth


You had 9 spell levels left.
You didn't know any spells.
Your spell library contained the following spells:

 Spells                   Type           Power      Damage    Failure   Level
 Blink                    Tloc           0%         N/A       65%         2
 Dazzling Flash           Conj/Hex       0%         N/A       86%         3
 Gell's Gravitas          Tloc           0%         N/A       86%         3
 Teleport Other           Tloc           0%         N/A       86%         3
 Manifold Assault         Tloc           0%         N/A       99%         4
 Agony                    Necr           0%         N/A       100%        5
 Silence                  Hex/Air        0%         N/A       100%        5
 Dispersal                Tloc           0%         N/A       100%        6
 Storm Form               Tmut/Air       0%         N/A       100%        7
 Disjunction              Tloc           0%         N/A       100%        8


Dungeon Overview and Level Annotations

Branches:
Dungeon (9/15)             Temple (1/1) D:7
   Lair: D:8-11         Orc: D:9-12

Altars:
Ashenzari
Cheibriados
Dithmenos
Elyvilon
Fedhas
Gozag
Hepliaklqana
Makhleb
Okawaru
Ru
Sif Muna
Trog
Uskayaw
Vehumet
Xom
Yredelemnul
The Shining One

Shops:
D:2 *   D:6 !   D:8 (

Annotations:
D:3 1 runed translucent door, lambentLogic's ghost, amateur KoEn
D:7 3 runed translucent doors, EmilyW's ghost, novice MiFi; kiwi3s's ghost, novice MiBe
D:9 Psyche


Innate Abilities, Weirdness & Mutations

You have a pair of horns on your head.
You reflexively headbutt those who attack you in melee.


Message History

You are suddenly pulled into a different region of the Abyss!
The abyss shimmers again as the detected abyssal rune vanishes from your memory and reappears.
A thrashing horror comes into view.
The thrashing horror moves out of view.
The thrashing horror roars!
The thrashing horror misses you. You furiously retaliate!
You headbutt the thrashing horror.
The thrashing horror tramples you but does no damage.
Aiming: Polymorph
Press: ? - help, Q - select action, (/) - cycle Shift-Dir - straight line, f - you That beam is likely to hit you.
Continue anyway?
Okay, then.
Aiming: Polymorph
Press: ? - help, Q - select action, (/) - cycle Shift-Dir - straight line, f - thrashing horror
Aim: a thrashing horror (lightly damaged, not susceptible)
The thrashing horror is unaffected.
The thrashing horror misses you. The thrashing horror tramples you.
You stumble backwards!
Fire: a) +1 longbow
Press: ? - help, Q - select action, (/) - cycle Shift-Dir - straight line, f/p - thrashing horror
Aim: a thrashing horror (lightly damaged, 68% to hit)
You shoot an arrow.
The arrow hits the thrashing horror but does no damage.
The thrashing horror is lightly damaged.
The thrashing horror tramples you!
You hold your ground!
The thrashing horror tramples you but does no damage.
Fire: a) +1 longbow
Press: ? - help, Q - select action, (/) - cycle Shift-Dir - straight line, f/p - thrashing horror
Aim: a thrashing horror (68% to hit)
You shoot an arrow. The arrow hits the thrashing horror!
The thrashing horror is moderately damaged.
The thrashing horror barely misses you.
The thrashing horror tramples you but does no damage.
Fire: a) +1 longbow
Press: ? - help, Q - select action, (/) - cycle Shift-Dir - straight line, f/p - thrashing horror
Aim: a thrashing horror (moderately damaged, 68% to hit)
You shoot an arrow. The arrow hits the thrashing horror.
The thrashing horror is moderately damaged.
The thrashing horror misses you. You furiously retaliate!
You headbutt the thrashing horror!
The thrashing horror closely misses you.
Fire: a) +1 longbow
Press: ? - help, Q - select action, (/) - cycle Shift-Dir - straight line, f/p - thrashing horror
Aim: a thrashing horror (heavily damaged, 68% to hit)
You shoot an arrow. The arrow hits the thrashing horror.
The thrashing horror is severely damaged.
The thrashing horror tramples you!
You hold your ground!
The thrashing horror tramples you but does no damage.
The thrashing horror tramples you.
You hold your ground!
The thrashing horror tramples you!
You hold your ground!
Fire: a) +1 longbow
Press: ? - help, Q - select action, (/) - cycle Shift-Dir - straight line, f/p - thrashing horror
Aim: a thrashing horror (severely damaged, 68% to hit)
You shoot an arrow. The arrow hits the thrashing horror.
The thrashing horror is severely damaged.
The thrashing horror churns violently!
The thrashing horror seems to grow stronger.
A quasit comes into view.
The thrashing horror tramples you!!
You hold your ground!
The thrashing horror tramples you.
You hold your ground!
Fire: a) +1 longbow
Press: ? - help, Q - select action, (/) - cycle Shift-Dir - straight line, f/p - thrashing horror
Aim: a thrashing horror (severely damaged, strong, 68% to hit)
You shoot an arrow. The arrow hits the thrashing horror!
The thrashing horror is almost destroyed.
The thrashing horror closely misses you. x2
Fire: a) +1 longbow
Press: ? - help, Q - select action, (/) - cycle Shift-Dir - straight line, f/p - thrashing horror
Aim: a thrashing horror (almost destroyed, strong, 68% to hit)
You shoot an arrow.
The arrow hits the thrashing horror but does no damage.
The thrashing horror is almost destroyed.
The thrashing horror tramples you.
You hold your ground!
The thrashing horror barely misses you.
The thrashing horror tramples you but does no damage.
The thrashing horror completely misses you.
Fire: a) +1 longbow
Press: ? - help, Q - select action, (/) - cycle Shift-Dir - straight line, f/p - thrashing horror
Aim: a thrashing horror (severely damaged, strong, 68% to hit)
You shoot an arrow. The arrow hits the thrashing horror!
The thrashing horror is almost destroyed.
The thrashing horror tramples you!!
You stumble backwards!
The quasit barely misses you. The quasit closely misses you. x2
Fire: a) +1 longbow
Press: ? - help, Q - select action, (/) - cycle Shift-Dir - straight line, f/p - thrashing horror
Aim: a thrashing horror (almost destroyed, strong, 68% to hit)
You shoot an arrow.
The arrow hits the thrashing horror but does no damage.
The thrashing horror is almost destroyed.
The thrashing horror tramples you!
* * * LOW HITPOINT WARNING * * *
You hold your ground!
The thrashing horror closely misses you.
The thrashing horror tramples you!!
* * * LOW HITPOINT WARNING * * *
You hold your ground!
The thrashing horror tramples you!
* * * LOW HITPOINT WARNING * * *
You hold your ground!
The quasit bites you.
You die...
Your body crumbles into a pile of gold.

##...# . . ..# . ..
#..# ##. .##... ...
##....# #### #
#.######.##.##.....
.....................
####.......5@X.......
........########.####
............ .. ..
.....# ### #
...#####.# .# .. # #
# # . #.# #. ### .#
#.#


You could see a thrashing horror (strong) and a quasit.

Vanquished Creatures
  A cyclops (D:8)
  Maggie (D:7)
  A hornet (D:9)
  A shadow (D:7)
  2 wyverns (D:8)
  A wraith (D:7)
  A vampire (D:8)
  A yak (D:8)
  2 steam dragons
  Menkaure (D:7)
  Edmund (D:5)
  6 water moccasins
  2 sky beasts (D:8)
  2 ice beasts
  An orc warrior (D:8)
  A centaur (D:6)
  A phantom (D:5)
  A kobold brigand (D:9)
  3 bullfrogs
  3 necrophages
  2 gnoll sergeants (D:8)
  4 scorpions
  13 wights
  4 killer bees (D:9)
  A lava snake (D:8)
  5 hounds
  7 orc priests
  2 jellies
  4 orc wizards
  3 iguanas
  3 gnolls (D:5)
  4 adders
  2 white imps
  3 ufetubi
  3 worms
  31 orcs
  5 ball pythons
  4 endoplasms
  4 giant cockroaches
  7 hobgoblins
  7 jackals
  8 kobolds
  4 quokkas
  5 bats
  2 frilled lizards (D:2)
  6 goblins
  11 rats
187 creatures vanquished.

Vanquished Creatures (collateral kills)
  An orc wizard (D:8)
  A gnoll (D:1)
2 creatures vanquished.

Vanquished Creatures (others)
  An orc wizard (D:5)
  2 plants (D:4)
  2 withered plants (D:3)
5 creatures vanquished.

Grand Total: 194 creatures vanquished

Notes
Turn   | Place    | Note
-------+----------+-------------------------------------------
     0 | D:1      | Darkkill the Minotaur Hunter began the quest for the Orb.
     0 | D:1      | Reached XP level 1. HP: 18/18 MP: 0/0
   112 | D:1      | Reached skill level 1 in Stealth
   129 | D:1      | HP: 3/18 [gnoll/+0 club (2)]
   134 | D:1      | Reached XP level 2. HP: 6/25 MP: 1/1
   728 | D:2      | Reached XP level 3. HP: 30/30 MP: 2/2
   789 | D:2      | Found Osiul's Assorted Antiques.
   800 | D:2      | Bought a scroll labelled QUNI TUCUTTU for 22 gold pieces
   800 | D:2      | Bought a scroll labelled NIJEGA QYUJOG for 22 gold pieces
  1326 | D:2      | Bought a scroll labelled TAOMNOH ZILUACK for 22 gold pieces
  1508 | D:3      | Noticed a water moccasin
  1519 | D:3      | Killed a water moccasin
  1520 | D:3      | Reached skill level 5 in Ranged Weapons
  1520 | D:3      | Reached XP level 4. HP: 29/40 MP: 3/3
  1520 | D:3      | Reached XP level 5. HP: 33/46 MP: 4/4
  1647 | D:3      | HP: 2/46 [orc priest/divine providence (9)]
  1882 | D:3      | Found a runed translucent door.
  1882 | D:3      | Noticed lambentLogic's ghost (amateur KoEn)
  2807 | D:4      | Identified the +8 sling of Vovusip {freeze, Drain rF+ Int+8
                  | SInv}
  3126 | D:4      | Reached XP level 6. HP: 53/53 MP: 5/5
  3362 | D:5      | Entered Level 5 of the Dungeon
  3438 | D:5      | Noticed Edmund
  3443 | D:5      | Killed Edmund
  3525 | D:5      | Reached XP level 7. HP: 43/60 MP: 0/6
  3527 | D:5      | Reached skill level 5 in Fighting
  3847 | D:5      | Reached skill level 5 in Dodging
  4628 | D:6      | Reached XP level 8. HP: 70/70 MP: 7/7
  4630 | D:6      | Found Naise's Distillery.
  4674 | D:6      | Bought a potion of curing for 36 gold pieces
  4674 | D:6      | Bought a potion of curing for 36 gold pieces
  4674 | D:6      | Bought a potion of curing for 36 gold pieces
  4674 | D:6      | Bought a potion of curing for 36 gold pieces
  5477 | D:6      | Reached skill level 5 in Stealth
  5803 | D:7      | Noticed Menkaure
  5806 | D:7      | Killed Menkaure
  5818 | D:7      | Reached XP level 9. HP: 59/79 MP: 8/8
  6013 | D:7      | Identified the +3 long sword of Circularity {flame, Int+3}
  6248 | D:7      | Found a staircase to the Ecumenical Temple.
  6458 | Temple   | Entered the Ecumenical Temple
  6504 | Temple   | Became a worshipper of Gozag Ym Sagoz the Greedy
  6631 | D:7      | Noticed Maggie
  6640 | D:7      | Killed Maggie
  6641 | D:7      | Found a runed translucent gate.
  6643 | D:7      | Found a runed translucent gate.
  6645 | D:7      | Found a runed translucent gate.
  6646 | D:7      | Noticed kiwi3s's ghost (novice MiBe)
  6646 | D:7      | Noticed EmilyW's ghost (novice MiFi)
  7003 | D:8      | Found a blossoming altar of Fedhas.
  7012 | D:8      | Noticed a cyclops
  7175 | D:8      | Killed a cyclops
  7374 | D:8      | Reached XP level 10. HP: 80/91 MP: 9/9
  7718 | D:8      | Found a broken altar of Ashenzari.
  7721 | D:8      | Found a white marble altar of Elyvilon.
  7724 | D:8      | Found a hide-covered altar of Uskayaw.
  7726 | D:8      | Found a radiant altar of Vehumet.
  7726 | D:8      | Found a bloodstained altar of Trog.
  7726 | D:8      | Found a glowing golden altar of the Shining One.
  8268 | D:8      | Found Fuutt's Antique Weapon Boutique.
  8369 | D:8      | Noticed a death knight
  9081 | D:8      | Identified the +3 rapier of the Little People {freeze,
                  | Dex+2}
  9472 | D:9      | Identified the +5 kite shield "Zemon" {Dex+3}
  9982 | D:9      | Noticed Psyche
  9989 | Abyss:1  | Cast into level 1 of the Abyss (Psyche)
  9995 | Abyss:1  | Found a corrupted altar of Lugonu.
 10037 | Abyss:1  | Noticed an apocalypse crab
 10055 | Abyss:1  | Noticed a starcursed mass
 10070 | Abyss:2  | Noticed a tentacled starspawn
 10105 | Abyss:3  | Found a corrupted altar of Lugonu.
 10142 | Abyss:3  | Noticed a starcursed mass
 10144 | Abyss:3  | Found a corrupted altar of Lugonu.
 10145 | Abyss:3  | Noticed a tentacled starspawn
 10185 | Abyss:3  | Noticed a thrashing horror
 10201 | Abyss:3  | HP: 10/93 [thrashing horror (17)]
 10201 | Abyss:3  | HP: 1/93 [thrashing horror (9)]
 10201 | Abyss:3  | Slain by a quasit

Illustrated notes

Levels and vault maps discovered:
D:1:      amcnicky_arrival_single_pillar, layout_rooms
D:2:      layout_basic, serial_shops, nicolae_diamond_shop
D:3:      layout_basic, gammafunk_ghost_grave, dk_noncrumbling_4,
          corexii_item_surrounded_by_moat
D:4:      corexii_shack_village, layout_rooms, amcnicky_mini_corridor_feature,
          minmay_small_thing
D:5:      layout_gridville, uniq_edmund
D:6:      layout_gridville, serial_shops, nicolae_diamond_shop
D:7:      layout_cave_pools, gammafunk_ghost_cemetery, uniq_menkaure,
          uniq_maggie
D:8:      nzn_winding_woodlands_three_and_one
          [nzn_winding_woodlands_5x15_pockets,
          nzn_winding_woodlands_5x15_sidewinder,
          nzn_winding_woodlands_5x15_concentric,
          nzn_winding_woodlands_center_diamonds], layout_basic,
          grunt_temple_overflow_open, serial_shops, shop, kennysheep_island_fort
D:9:      layout_basic, serial_shops, shop, uniq_psyche, uniq_grum
Temple:   regret_index_temple_waves
Abyss:3:  base: D:2, hangedman_abyss_feature_spike, minivault_11,
          nicolae_abyss_rune_star_stuff,
          evilmike_nicolae_abyss_rune_containment_curve

Skill      XL: |  1  2  3  4  5  6  7  8  9 10 |
---------------+-------------------------------+-----
Stealth        | 1 2 3 4 5 6 7 |  7.3
Fighting       | 3 4 5 7 9 |  9.9
Dodging        | 3 4 5 6 8 9 |  9.1
Ranged Weapons | 5 6 7 9 |  9.9

Action                     |  1- 3 |  4- 6 |  7- 9 | 10-12 || total
---------------------------+-------+-------+-------+-------++-------
   Fire: Shortbow          |   101 |   127 |    85 |       ||   313
         Longbow           |       |       |   190 |   171 ||   361
  Evoke: Wand              |       |     4 |     4 |    24 ||    32
         Box of beasts     |       |       |       |     1 ||     1
    Use: Scroll            |     9 |     3 |     7 |     5 ||    24
         Potion            |       |       |       |     2 ||     2
 Armour: Leather armour    |     9 |    16 |    64 |    29 ||   118
  Dodge: Dodged            |    27 |    34 |   104 |    89 ||   254

Table legend: (Time is in decaauts)
 A = Elapsed time spent in this place.
 B = Non-inter-level travel time spent in this place.
 C = Inter-level travel time spent in this place.
 D = Time resting spent in this place.
 E = Time spent auto-exploring this place.
 F = Levels seen in this place.
 G = Mean time per level.
                   A        B        C        D        E       F      G
               +--------+--------+--------+--------+--------+-----+--------+
         Total |  10398 |   9579 |    819 |    646 |   7218 |  13 |  799.8 |
       Dungeon |  10107 |   9323 |    784 |    646 |   7186 |   9 | 1123.0 |
        Temple |     77 |     42 |     35 |      0 |     32 |   1 |   77.0 |
         Abyss |    213 |    213 |      0 |      0 |      0 |   3 |   71.0 |
               +--------+--------+--------+--------+--------+-----+--------+

Top non-repeatable levels by time:
     D:8: 2157 daAuts
     D:6: 1316 daAuts
     D:3: 1290 daAuts
     D:5: 1259 daAuts
     D:7: 1038 daAuts
     D:4: 926 daAuts
     D:2: 785 daAuts
     D:9: 700 daAuts
     D:1: 631 daAuts
 Abyss:3: 131 daAuts
  Temple: 77 daAuts
 Abyss:1: 72 daAuts
 Abyss:2: 8 daAuts

Table legend:
 A = Kills in this place as a percentage of kills in entire the game.
 B = Kills by you in this place as a percentage of kills by you in the entire game.
 C = Kills by friends in this place as a percentage of kills by friends in the entire game.
 D = Other kills in this place as a percentage of other kills in the entire game.
 E = Experience gained in this place as a percentage of experience gained in the entire game.
 F = Experience gained in this place divided by the number of levels of this place that you have seen.
                   A       B       C       D       E      F
               +-------+-------+-------+-------+-------+----------------------
         Total | 100.0 | 100.0 | 100.0 |   N/A | 100.0 | 661.6
       Dungeon | 100.0 | 100.0 | 100.0 |   N/A | 100.0 | 955.7
               +-------+-------+-------+-------+-------+----------------------
